 Dungeon Crawl Stone Soup version 0.31-a0-844-gdc52ec4e09 (webtiles) character file.

Game seed: 6642339960822683434

943 freelancePsychic the Skirmisher (level 8, -2/48 HPs)
             Began as a Kobold Hunter on Sept 28, 2023.
             Slain by an ogre
             ... wielding a +0 giant club
              (33 damage)
             ... on level 5 of the Dungeon.
             The game lasted 00:06:05 (4310 turns).

freelancePsychic the Skirmisher (Kobold Hunter)     Turns: 4310, Time: 00:06:06

Health: -2/48      AC:  5    Str:  9    XL:     8   Next: 34%
Magic:  8/8        EV: 18    Int: 10    God:
Gold:   268        SH:  0    Dex: 20    Spells: 7/7 levels left

rFire   . . .        a - +0 shortbow
rCold   . . .        (shield currently unavailable)
rNeg    . . .        c - +0 leather armour
rPois   +            q - +0 helmet
rElec   .            (no cloak)
rCorr   .            (no gloves)
SInv    .            g - +0 pair of boots
Will    .....        (no amulet)
Stlth   ++++         l - ring of poison resistance
HPRegen 0.28/turn    (no ring)
MPRegen 0.11/turn

%: no passive effects
@: no status effects
A: small, no large weapons, nightstalker 3
a: no special abilities


You were on level 5 of the Dungeon.
You visited 1 branch of the dungeon, and saw 5 of its levels.

You collected 268 gold pieces.

Inventory:

Hand Weapons
 a - a +0 shortbow (weapon)
Armour
 c - a +0 leather armour (worn)
 g - a +0 pair of boots (worn)
 q - a +0 helmet (worn)
Jewellery
 l - a ring of poison resistance (left hand)
Scrolls
 b - a scroll of fog {unknown}
 d - 4 scrolls of teleportation {unknown}
 f - 2 scrolls of revelation
 h - 2 scrolls of fear {unknown}
 i - a scroll of immolation {unknown}
 j - 2 scrolls of vulnerability
 k - a scroll of poison {unknown}
 o - 2 scrolls of enchant armour
 p - 3 scrolls of noise
 s - a scroll of blinking {unknown}
 t - a scroll of silence {unknown}
 u - a scroll of enchant weapon {unknown}
Potions
 n - 2 potions of degeneration {unknown}
 r - a potion of cancellation {unknown}
 v - 2 potions of brilliance {unknown}


   Skills:
 + Level 4.8 Fighting
 * Level 9.2 Ranged Weapons
 * Level 6.2 Dodging
 - Level 4.5 Stealth


You had 7 spell levels left.
You didn't know any spells.
Your spell library contained the following spells:

 Spells                   Type           Power      Damage    Failure   Level
 Apportation              Tloc           0%         N/A       47%         1
 Jinxbite                 Hex            0%         N/A       63%         2
 Call Canine Familiar     Summ           0%         N/A       85%         3
 Ignite Poison            Fire/Tmut/Pois 0%         N/A       85%         3
 Sigil of Binding         Hex            0%         N/A       85%         3
 Dimensional Bullseye     Hex/Tloc       0%         N/A       99%         4
 Leda's Liquefaction      Hex/Erth       0%         N/A       99%         4
 Sticky Flame             Conj/Fire      0%         2d3       99%         4
 Alistair's Intoxication  Tmut/Pois      0%         N/A       100%        5
 Ignition                 Fire           0%         3d3       100%        8


Dungeon Overview and Level Annotations

Branches:
Dungeon (5/15)
 Temple: D:4-7

Altars:
Kikubaaqudgha
Zin

Annotations:
D:4 1 runed translucent door, exclusion: ogre, Crazy Yiuf, Eustachio


Innate Abilities, Weirdness & Mutations

You are small and have problems with some larger weapons.
You are completely attuned to the shadows.


Message History

You are too injured to fight recklessly!
You are too injured to fight recklessly!
You are too injured to fight recklessly!
You are too injured to fight recklessly!
You are too injured to fight recklessly!
You are too injured to fight recklessly!
You are too injured to fight recklessly!
You are too injured to fight recklessly!
You are too injured to fight recklessly!
The phantom attacks as it pursues you! The phantom misses you.
You shoot an arrow.
The arrow hits the phantom but does no damage.
The phantom is severely damaged.
The phantom completely misses you.
You shoot an arrow. The arrow misses the phantom.
The arrow hits the ogre.
The ogre is moderately wounded.
You shoot an arrow. The arrow barely misses the phantom.
The arrow hits the ogre but does no damage.
The ogre is moderately wounded.
The phantom hits you but does no damage.
You shoot an arrow.
The arrow hits the phantom but does no damage.
The phantom is severely damaged.
The phantom misses you. x2
You shoot an arrow. The arrow hits the phantom.
The phantom is almost destroyed.
You shoot an arrow. The arrow hits the phantom.
The phantom is almost destroyed.
The phantom misses you.
You shoot an arrow. The arrow hits the phantom.
You destroy the phantom!
You shoot an arrow. The arrow hits the ogre.
The ogre is moderately wounded.
The ogre hits you with a +0 giant club.
You shoot an arrow. The arrow hits the ogre!
The ogre is heavily wounded.
You shoot an arrow. The arrow completely misses the ogre.
The ogre hits you with a +0 giant club!!
Ouch! That really hurt!
You die...

#..# #.# ##...#
#..###.# ##....#
#...##.###....##
#....#.##....##
##.......'...##
#.....#.##..##
#.......###.#
#.####### ###
#@# #O# #.# #.#
#.# ## ##.#...
##....## #
#........#
##....#.#


You could see an ogre.

Vanquished Creatures
  A water moccasin (D:5)
  A black bear (D:4)
  2 ogres (D:4)
  3 phantoms
  A scorpion (D:5)
  A vampire bat (D:3)
  A hound (D:4)
  Jessica (D:3)
  An iguana (D:5)
  2 gnolls (D:3)
  8 adders
  A worm (D:2)
  2 dart slugs
  12 orcs
  8 ball pythons
  8 bats
  A bat skeleton (D:3)
  4 bat zombies (D:3)
  4 endoplasms
  2 giant cockroaches
  4 goblins
  4 hobgoblins
  2 jackals (D:2)
  7 kobolds
  3 quokkas (D:1)
  3 frilled lizards
  3 rats
90 creatures vanquished.

Notes
Turn   | Place    | Note
-------+----------+-------------------------------------------
     0 | D:1      | freelancePsychic the Kobold Hunter began the quest for the
                  | Orb.
     0 | D:1      | Reached XP level 1. HP: 12/12 MP: 1/1
    75 | D:1      | Reached XP level 2. HP: 18/18 MP: 2/2
   346 | D:1      | Reached XP level 3. HP: 18/22 MP: 3/3
   599 | D:2      | Reached skill level 6 in Ranged Weapons
   717 | D:2      | Reached XP level 4. HP: 27/27 MP: 4/4
  1401 | D:3      | Found an ancient bone altar of Kikubaaqudgha.
  1424 | D:3      | Reached XP level 5. HP: 30/32 MP: 5/5
  1890 | D:3      | Noticed Jessica
  1892 | D:3      | Killed Jessica
  2060 | D:3      | Reached XP level 6. HP: 17/37 MP: 6/6
  2344 | D:4      | Reached skill level 7 in Ranged Weapons
  2353 | D:4      | Noticed a black bear
  2501 | D:4      | Found a runed translucent door.
  2504 | D:4      | Noticed Crazy Yiuf
  2714 | D:4      | Noticed an ogre
  2739 | D:4      | Noticed an ogre
  2803 | D:4      | Killed a black bear
  2855 | D:4      | Noticed Eustachio
  2877 | D:4      | Found a glowing silver altar of Zin.
  2920 | D:4      | Noticed an ogre
  2945 | D:4      | Killed an ogre
  2946 | D:4      | Reached XP level 7. HP: 27/42 MP: 7/7
  2947 | D:4      | Reached skill level 8 in Ranged Weapons
  3379 | D:4      | HP: 1/43 [ogre/+0 giant club (10)]
  3385 | D:4      | Reached skill level 5 in Dodging
  3572 | D:5      | Entered Level 5 of the Dungeon
  3744 | D:5      | Reached XP level 8. HP: 44/48 MP: 8/8
  4137 | D:5      | Reached skill level 9 in Ranged Weapons
  4310 | D:5      | Slain by an ogre

Illustrated notes

Levels and vault maps discovered:
D:1:      amcnicky_arrival_double_pillar, layout_rooms, serial_bayou_pond_c,
          hangedman_decor_growths, serial_park_tiny_pond
D:2:      layout_loops_ring
D:3:      layout_loops_ring, kennysheep_vampire_church, uniq_jessica
D:4:      layout_loops_ring, zin_academy, nicolae_half_adder, uniq_eustachio,
          uniq_crazy_yiuf_cottage
D:5:      kennysheep_big_flooded_room, layout_loops_corners,
          chequers_serial_rivers_micro_d

Skill      XL: |  1  2  3  4  5  6  7  8 |
---------------+-------------------------+-----
Stealth        | 2 3 4 |  4.5
Ranged Weapons | 6 7 8 9 |  9.2
Fighting       | 3 4 |  4.8
Dodging        | 3 4 5 6 |  6.2

Action                     |  1- 3 |  4- 6 |  7- 9 || total
---------------------------+-------+-------+-------++-------
   Fire: Shortbow          |    69 |   156 |   103 ||   328
    Use: Scroll            |       |     5 |       ||     5
         Potion            |       |     2 |       ||     2
 Armour: Leather armour    |     9 |    59 |    28 ||    96
         Skin              |       |    27 |     8 ||    35
  Dodge: Dodged            |    21 |    94 |    52 ||   167

Table legend: (Time is in decaauts)
 A = Elapsed time spent in this place.
 B = Non-inter-level travel time spent in this place.
 C = Inter-level travel time spent in this place.
 D = Time resting spent in this place.
 E = Time spent auto-exploring this place.
 F = Levels seen in this place.
 G = Mean time per level.
                   A        B        C        D        E       F      G
               +--------+--------+--------+--------+--------+-----+--------+
         Total |   4350 |   4148 |    202 |     39 |   3412 |   5 |  870.0 |
       Dungeon |   4350 |   4148 |    202 |     39 |   3412 |   5 |  870.0 |
               +--------+--------+--------+--------+--------+-----+--------+

Top non-repeatable levels by time:
     D:4: 1208 daAuts
     D:3: 991 daAuts
     D:2: 798 daAuts
     D:5: 739 daAuts
     D:1: 611 daAuts
